 Dungeon Crawl Stone Soup version 0.30.0-29-ga12c61a403 (webtiles) character file.

Game seed: 13379793472347883461

98 ChadusMaximus the Trooper (level 4, -9/41 HPs)
             Began as a Minotaur Fighter on June 12, 2023.
             Killed by divine providence
             ... invoked by an orc priest
              (12 damage)
             ... on level 2 of the Dungeon.
             The game lasted 00:01:02 (1760 turns).

ChadusMaximus the Trooper (Minotaur Fighter)        Turns: 1760, Time: 00:01:02

Health: -9/41      AC:  7    Str: 23    XL:     4   Next: 43%
Magic:  3/3        EV:  9    Int:  5    God:
Gold:   69         SH:  4    Dex:  9    Spells: 3/3 levels left

rFire   . . .        a - +0 war axe
rCold   . . .        c - +0 buckler
rNeg    . . .        b - +0 scale mail
rPois   .            (helmet restricted)
rElec   .            (no cloak)
rCorr   .            (no gloves)
SInv    .            (no boots)
Will    .....        (no amulet) Stlth
                     (no ring)
HPRegen 0.26/turn    (no ring)
MPRegen 0.08/turn

%: no passive effects
@: no status effects
A: horns 2, retaliatory headbutt
a: no special abilities


You were on level 2 of the Dungeon.
You visited 1 branch of the dungeon, and saw 3 of its levels.

You collected 69 gold pieces.

Inventory:

Hand Weapons
 a - a +0 war axe (weapon)
Armour
 b - a +0 scale mail (worn)
 c - a +0 buckler (worn)
Scrolls
 e - a scroll of brand weapon {unknown}
 f - 5 scrolls of identify {unknown}
 g - 2 scrolls of fear {unknown}
 i - 2 scrolls of noise {unknown}
 j - 2 scrolls of blinking {unknown}
 k - a scroll of amnesia {unknown}
Potions
 d - a potion of might
 h - 3 potions of heal wounds {unknown}
 l - a potion of degeneration {unknown}
 m - a potion of attraction {unknown}
 n - a potion of ambrosia {unknown}
 o - a potion of haste {unknown}


   Skills:
 + Level 4.3 Fighting
 * Level 4.0 Axes
 + Level 4.3 Armour
 + Level 4.3 Shields


You had 3 spell levels left.
You didn't know any spells.
Your spell library contained the following spells:

 Spells                   Type           Power      Damage    Failure   Level
 Portal Projectile        Hex/Tloc       0%         N/A       99%         3
 Tukima's Dance           Hex            0%         N/A       99%         3
 Blade Hands              Tmut           0%         N/A       100%        5


Dungeon Overview and Level Annotations

Branches:
Dungeon (3/15)

Altars:
Gozag

Shops:
D:2 !

Annotations:
D:3 1 runed translucent door, Azuvok's ghost, amateur FoFi


Innate Abilities, Weirdness & Mutations

You have a pair of horns on your head.
You reflexively headbutt those who attack you in melee.


Message History

You hit the orc.
You hear a shout!
The orc barely misses you. The orc priest barely misses you.
You furiously retaliate!
You headbutt the orc priest.
An orc comes into view. It is wielding a +0 flail.
The orc attacks as you move away! The orc hits you but does no damage.
There is a stone staircase leading up here.
You slash the orc!
You kill the orc!
You have reached level 4!
You feel stronger.
You hit the orc priest.
The orc priest is almost dead.
The orc priest mumbles some strange prayers to Beogh against you.
Beogh smites you!
* * * LOW HITPOINT WARNING * * *
The orc priest barely misses you. You furiously retaliate!
You headbutt the orc priest!
You kill the orc priest!
Your Axes skill increases to level 4!
The orc priest hits you with a +3 hand axe.
* * * LOW HITPOINT WARNING * * *
You climb upwards.
There is a stone staircase leading down here.
Unknown command.
You barely miss the orc priest. Your headbutt misses the orc priest.
The orc priest hits you but does no damage.
You slash the orc priest! Your headbutt misses the orc priest.
The orc priest is almost dead.
The orc priest looks encouraged for a moment.
You barely miss the orc priest.
The orc priest is almost dead.
The orc priest hits you with a +3 hand axe.
* * * LOW HITPOINT WARNING * * *
The orc priest looks braver for a moment.
You closely miss the orc priest.
The orc priest is almost dead.
The orc priest calls down the wrath of Beogh upon you.
Beogh smites you!
You die...

##
#.......##.####........#.#
#.......##......#.######.#
###############.#........#
#.########## #.# #.# #.#
##############<########
#.......@o..##........#
#.#########.#...#####.###
#.# ##.#.............
#########.####
#.###......##.##.
.............#
##.#.#.....##.##.
.#####.##.##.#
##.##..#####.##. .#
#.......# ####........##.
.### #..#.##.#
##'#########. ...#
#..#.##.# ##...## #.


You could see an orc priest.

Vanquished Creatures
  An orc priest (D:3)
  3 adders (D:2)
  A worm (D:2)
  A dart slug (D:1)
  2 orcs (D:3)
  A bat (D:1)
  2 endoplasms (D:1)
  2 giant cockroaches
  3 hobgoblins
  3 jackals (D:1)
  5 quokkas
  2 ball pythons (D:2)
  A frilled lizard (D:1)
  4 goblins
  A rat (D:1)
32 creatures vanquished.

Notes
Turn   | Place    | Note
-------+----------+-------------------------------------------
     0 | D:1      | ChadusMaximus the Minotaur Fighter began the quest for the
                  | Orb.
     0 | D:1      | Reached XP level 1. HP: 19/19 MP: 0/0
   192 | D:1      | Reached XP level 2. HP: 20/27 MP: 1/1
   794 | D:2      | Found an opulent altar of Gozag.
   830 | D:2      | Found Juego's Distillery.
  1017 | D:2      | Reached XP level 3. HP: 15/33 MP: 2/2
  1701 | D:3      | Noticed Azuvok's ghost (amateur FoFi)
  1738 | D:3      | Found a runed translucent gate.
  1754 | D:3      | Reached XP level 4. HP: 23/40 MP: 3/3
  1755 | D:3      | HP: 2/41 [orc priest/+3 hand axe (6)]
  1760 | D:2      | Killed from afar by an orc priest

Illustrated notes

Levels and vault maps discovered:
D:1:      dpeg_arrival_rhombus, layout_basic, reono_crystal_passage
D:2:      layout_loops_corners, serial_shops, shop, basic_altar
D:3:      layout_basic, gammafunk_ghost_icy, ebering_ecumenical_altar_mist,
          chequers_serial_rivers_large_a, uniq_terence

Skill      XL: |  1  2  3  4 |
---------------+-------------+-----
Axes           | 3 4 |  4.0
Armour         | 4 |  4.3
Fighting       | 4 |  4.3
Shields        | 4 |  4.3

Action                     |  1- 3 |  4- 6 || total
---------------------------+-------+-------++-------
  Melee: War axe           |    84 |     5 ||    89
         Headbutt          |     9 |       ||     9
 Armour: Scale mail        |    42 |     1 ||    43
  Dodge: Dodged            |    38 |     1 ||    39
  Block: Buckler           |    23 |       ||    23
